[Event "Mitropa Cup Women 2022"]
[Site "Corte"]
[Date "2022.05.06"]
[Round "7.7"]
[White "Sikorova, Olga"]
[Black "Gueci, Tea"]
[Result "1/2-1/2"]
[ECO "A13"]
[WhiteElo "2173"]
[BlackElo "2248"]
[Annotator "TA"]
[PlyCount "57"]
[EventDate "2022.04.30"]
[EventType "team-tourn"]
[EventCountry "FRA"]
[SourceTitle "playchess.com"]
[Source "ChessBase"]
[SourceQuality "1"]
[WhiteTeam "Czech Republic"]
[BlackTeam "Italy"]
[WhiteTeamCountry "CZE"]
[BlackTeamCountry "ITA"]
[TimeControl "40/5400+30:1800+30"]

1. c4 e6 2. Nf3 d5 3. b3 d4 4. e3 c5 5. exd4 cxd4 6. g3 Nc6 7. Bg2 Nf6 8. O-O Bd6 9. d3 h6 {[%emt 0:00:17] A13: English Opening: 1...e6.} 10. Bb2 e5 11. Re1 O-O $1 {[%emt 0:03:18] Black is slightly better.} 12. c5 Bxc5 13. Nxe5 Nxe5 14. Rxe5 {[%emt 0:00:05] [#]} Bb6 $146 ({Black should play} 14... Bd6 $15 15. Re2 Bg4) ({Predecessor:} 14... Bd6 15. Re1 Bg4 16. Qd2 Qb6 17. Rc1 Rfe8 18. Bf1 Nd5 19. Rc4 Bc5 20. Qc1 Rac8 {1-0 (69) Lai,H (2317)-Schoppen,C (2202) Rotterdam 2015}) 15. Nd2 Bg4 16. Bf3 Bxf3 17. Qxf3 Rc8 18. Ne4 {[%emt 0:06:45] White is more active.} (18. Qxb7 Ng4 19. Re2 Rc2 $11) ({White should try} 18. Ba3 $16 {Hoping for Be7.} Re8 19. Rae1) 18... Nxe4 $11 19. dxe4 Qc7 20. Rd5 Rfd8 {[%emt 0:00:46] [#] Strongly threatening ...Qc2.} 21. Rc1 {[%emt 0:05:18] Against Qc2} Qb8 22. Rxc8 Qxc8 {The position is equal.} 23. Rxd8+ Qxd8 {[%emt 0:00:40][%mdl 4096] Endgame KQB-KQB} 24. Qd3 Qd7 25. Kg2 Qc6 26. f3 ({But not} 26. Bxd4 $2 Qd7 27. Qd1 Bxd4 $19) 26... h5 27. a4 ({Not} 27. Bxd4 $2 Qd7 28. h3 Bxd4 $19) 27... a6 28. h4 ({Wrong is} 28. Bxd4 $2 Qd7 29. f4 Bxd4 $19) 28... Qd6 29. Bc1 {Weighted Error Value: White=0.15 (very precise) /Black=0.13 (very precise)} 1/2-1/2

[Event "Mitropa Cup Women 2022"]
[Site "Corte"]
[Date "2022.05.06"]
[Round "7.8"]
[White "Gabbani, Sara"]
[Black "Koubova, Anna Marie"]
[Result "0-1"]
[ECO "B13"]
[WhiteElo "1856"]
[BlackElo "2115"]
[Annotator "TA"]
[PlyCount "64"]
[EventDate "2022.04.30"]
[EventType "team-tourn"]
[EventCountry "FRA"]
[SourceTitle "playchess.com"]
[Source "ChessBase"]
[SourceQuality "1"]
[WhiteTeam "Italy"]
[BlackTeam "Czech Republic"]
[WhiteTeamCountry "ITA"]
[BlackTeamCountry "CZE"]
[TimeControl "40/5400+30:1800+30"]

1. e4 c6 2. d4 d5 3. exd5 cxd5 4. c3 Nc6 5. Bd3 Qc7 6. h3 e6 {[%emt 0:00:23] B13: Caro-Kann: Exchange Variation and Panov-Botvinnik Attack.} 7. Nf3 Bd6 8. O-O Nge7 {[%emt 0:01:42] The position is equal.} 9. Re1 Ng6 {[%emt 0:02:32] 9...0-0 gains popularity.} 10. Nbd2 O-O 11. Nf1 Bd7 12. Ng5 {[%emt 0:07:12] [#] Qh5 is the strong threat.} Nce7 {[%emt 0:09:20] [#]} 13. Qh5 $146 ({Predecessor:} 13. Ne3 h6 14. Nf3 Rae8 15. Ng4 f6 16. Qc2 Nf5 17. c4 dxc4 18. Qxc4 Qxc4 19. Bxc4 {½-½ (45) Das,S (2424)-Ghosh,D (2550) New Delhi 2020}) 13... h6 14. Nf3 b5 (14... f5 $11) 15. Ne5 $14 Be8 16. Bd2 Nxe5 17. dxe5 Bc5 18. Bxh6 $2 {[%emt 0:06:35] [#] This move loses the game for White.} f5 $1 $19 19. Qg5 Ng6 20. Ng3 (20. Bxb5 $142 gxh6 21. Qxh6) 20... gxh6 21. Qxh6 Qg7 22. Qg5 (22. Qxg7+ Kxg7 23. Rad1) 22... Be7 23. Qd2 Nxe5 24. Qe2 Nxd3 25. Qxd3 Qg6 26. Qf3 Rc8 27. Rad1 Bc6 28. Qe2 f4 29. Qxe6+ $2 (29. Nf1) 29... Qxe6 {[%emt 0:00:23] Black is clearly winning.} 30. Rxe6 fxg3 31. Rxe7 gxf2+ 32. Kf1 b4 {[%emt 0:00:44] Weighted Error Value: White=0.97/Black=0.24 (precise)} 0-1

[Event "Mitropa Cup Women 2022"]
[Site "Corte"]
[Date "2022.05.06"]
[Round "7.8"]
[White "Zhuang, Yongzhe"]
[Black "Karacsonyi, Kata"]
[Result "0-1"]
[ECO "B22"]
[WhiteElo "1701"]
[BlackElo "2130"]
[Annotator "TA"]
[PlyCount "46"]
[EventDate "2022.04.30"]
[EventType "team-tourn"]
[EventCountry "FRA"]
[SourceTitle "playchess.com"]
[Source "ChessBase"]
[SourceQuality "1"]
[WhiteTeam "Switzerland"]
[BlackTeam "Hungary"]
[WhiteTeamCountry "SUI"]
[BlackTeamCountry "HUN"]
[TimeControl "40/5400+30:1800+30"]

1. e4 c5 2. c3 d5 3. exd5 Qxd5 4. d4 g6 5. Nf3 Bg7 6. Be3 cxd4 7. cxd4 Nf6 8. Nc3 Qa5 9. Bc4 O-O 10. O-O Bg4 11. h3 Bxf3 12. Qxf3 Nc6 13. Rad1 {[%emt 0:00:56] B22: Sicilian: 2 c3.} Rad8 14. Rfe1 {[%emt 0:03:03] [#]} e6 $146 ({Predecessor:} 14... Ne8 15. Bd5 Rc8 16. Bb3 Nd6 17. Ne4 Nxe4 18. Qxe4 e6 19. d5 exd5 20. Bxd5 Bxb2 {1-0 (32) Dischinger,F (2239)-Bus,T Voerendaal 2001}) 15. a3 {[%emt 0:05:17] The position is equal.} Rd7 16. Bb5 Rc8 17. Re2 (17. Ba4 $11 {remains equal.}) 17... Nd5 $17 18. Bxc6 Rxc6 19. Ne4 Nxe3 20. fxe3 {[%emt 0:01:46] [#]} e5 $1 21. Nc5 $2 (21. Red2 $17) 21... Rxc5 $19 {[%emt 0:06:49] Black is clearly winning.} 22. b4 Qa4 23. Rf1 Rcd5 {[%emt 0:06:21] White got outplayed after the opening.  Weighted Error Value: White=0.91/Black=0.03 (flawless)} 0-1

[Event "Mitropa Cup Women 2022"]
[Site "Corte"]
[Date "2022.05.07"]
[Round "8.1"]
[White "Guichard, Pauline"]
[Black "Movsesian, Julia"]
[Result "1-0"]
[ECO "E20"]
[WhiteElo "2377"]
[BlackElo "2313"]
[Annotator "TA"]
[PlyCount "111"]
[EventDate "2022.04.30"]
[EventType "team-tourn"]
[EventCountry "FRA"]
[SourceTitle "playchess.com"]
[Source "ChessBase"]
[SourceQuality "1"]
[WhiteTeam "France"]
[BlackTeam "Czech Republic"]
[WhiteTeamCountry "FRA"]
[BlackTeamCountry "CZE"]
[TimeControl "40/5400+30:1800+30"]

1. d4 Nf6 2. c4 e6 3. Nc3 Bb4 4. Bd2 O-O 5. Nf3 d5 6. e3 b6 7. cxd5 exd5 8. Bd3 {[%emt 0:00:32] E51: Nimzo-Indian: Rubinstein: 4...0-0 5 Nf3 d5.} Re8 9. Ne5 Bb7 10. O-O {[%emt 0:03:36] The position is equal.} Bd6 (10... c5 $11) 11. f4 $1 $14 {[%emt 0:00:21] [#]} Nbd7 $146 ({Predecessor:} 11... c5 12. Be1 cxd4 13. exd4 Nc6 14. Bb5 Rc8 15. Bh4 Be7 16. Qa4 Qd6 17. Rae1 Ne4 18. Bxe7 Rxe7 19. Nxe4 dxe4 20. Bxc6 Bxc6 21. Nxc6 Rxc6 {0-1 (40) Esipenko,A (2564)-Le,Q (2737) Riadh 2017}) 12. Qf3 (12. Be1 $16) 12... Ne4 13. Be1 (13. Bxe4 dxe4 14. Qh5 (14. Nxe4 Bd5 $17) 14... Qe7 $11) 13... f6 $2 (13... Ndf6 $14) 14. Nxe4 $18 Bxe5 (14... dxe4 $2 15. Bc4+ Re6 16. Bxe6+ $18) 15. Nc3 (15. dxe5 $6 dxe4 16. Bxe4 Bxe4 17. Qxe4 Qe7 $16) (15. fxe5 $18 {is more deadly.} dxe4 16. Bc4+ (16. Bxe4 Bxe4 17. Qxe4 fxe5 $16) 16... Kh8 17. Qh5) 15... Bd6 $16 16. Nxd5 Kh8 {[%emt 0:03:59][%cal Of6f5] [#]} 17. Qh3 $1 Nf8 18. Nc3 $36 {[%emt 0:00:17][%mdl 2048] White is in control.} c5 19. d5 {[%emt 0:03:57] aiming for e4.} c4 20. Bxc4 {[%emt 0:07:19] Hoping for e4.} Rxe3 21. g3 ({White should play} 21. Qg4 $16) 21... Rc8 $11 22. Bb3 b5 (22... Ba6 $1 $11 {keeps the balance.}) 23. Bf2 $16 (23. Nxb5 $2 Bc5 24. Bf2 Rxb3 $1 25. axb3 Qxd5 26. Bxc5 Qxc5+ 27. Rf2 Qxb5 $19) 23... Bxf4 24. Qf5 (24. Nxb5 $2 {[#]} Rxb3 $1 25. Qxc8 Rxg3+ $3 26. hxg3 Qxc8 $19) 24... Bh6 25. Bxe3 (25. Nxb5 $2 g6 26. Qxc8 (26. Qh3 $2 Rxb3 27. Nc3 Rbxc3 $19) 26... Bxc8 $19) 25... Bxe3+ 26. Kg2 a5 27. a3 (27. Nxb5 a4 28. Rfd1 (28. Bxa4 $2 Bxd5+ 29. Rf3 g6 $19) 28... axb3 29. axb3 Qb6 $19) 27... a4 28. Ba2 Bd4 29. Nxb5 Bxb2 30. Rab1 Be5 31. Rfd1 Rc5 {[%emt 0:00:42] [#]} 32. Nd6 $1 Qxd6 (32... Bxd6 33. Rxb7) 33. Rxb7 Rc3 34. Qg4 ({Better is} 34. Bb1 $16) 34... g6 (34... Rc2+ $1 $14 35. Kh3 (35. Kh1 f5 $11) 35... f5 36. Qxf5 Rxa2) 35. Bb1 $18 (35. Qxa4 $6 Bxg3 36. Kh1 (36. hxg3 Qxg3+ 37. Kh1 Qh3+ 38. Kg1 Rg3+ 39. Kf2 Qg2+ 40. Ke1 Re3#) 36... Bxh2 $16) 35... h5 (35... Re3 {was necessary.} 36. Qxa4 Bxg3) 36. Qe2 {[%emt 0:01:34][%cal Ob1g6] Bxg6! is the strong threat.} (36. Qxa4 Bxg3 37. Qb4 (37. hxg3 Qxg3+ 38. Kh1 Qh3+ 39. Kg1 Rg3+ 40. Kf2 Qh2+ 41. Kf1 Rg1#) 37... Rxa3) 36... Bxg3 $2 (36... Rc7 37. Rxc7 Qxc7) 37. Qd2 {[%emt 0:00:17] Active counter play!} (37. hxg3 $2 Qxg3+ 38. Kf1 (38. Kh1 $2 Qh3+ 39. Kg1 Rg3+ 40. Kf2 Rg2+ 41. Ke1 Qg3+ 42. Kd2 Qg5+ 43. Kc3 Rxe2 $19) 38... Rf3+ 39. Qxf3 Qxf3+ 40. Ke1 h4 $19) 37... Qf4 {[%emt 0:02:02] Against Qh6+} 38. Qxf4 (38. hxg3 {leads to mate.} Rxg3+ 39. Kh1 Qf3+ 40. Kh2 Rh3+ 41. Kg1 Rh1#) 38... Bxf4 39. d6 {[%emt 0:00:08][%cal Bd5d6,Bd6d7][%mdl 32] Intending d7 and mate.} Rc8 40. d7 Rd8 41. Bc2 Kg7 42. Bxa4 Ne6 43. Bc6 h4 44. Bd5 Nc5 45. Rb5 {[%emt 0:00:00] White is clearly winning.} ({Don't play} 45. Rb4 Be5 46. Rc4 (46. Rxh4 Rxd7 47. Rc4 Ne6 $18) 46... Na6 $18) 45... h3+ 46. Kxh3 Rh8+ 47. Kg2 Rxh2+ 48. Kg1 Nxd7 49. Rb7 Rh3 (49... Kh6 $142 50. Rxd7 Rc2) 50. Rxd7+ Kh6 51. Ra1 f5 52. Kf2 Kg5 53. a4 Be3+ 54. Ke2 f4 55. Rh1 Rg3 56. Bf3 {Weighted Error Value: White=0.33/Black=0.46} 1-0

[Event "Mitropa Cup Women 2022"]
[Site "Corte"]
[Date "2022.05.07"]
[Round "8.1"]
[White "Cvitan, Ena"]
[Black "Borosova, Zuzana"]
[Result "1/2-1/2"]
[ECO "D10"]
[WhiteElo "2251"]
[BlackElo "2265"]
[Annotator "TA"]
[PlyCount "33"]
[EventDate "2022.04.30"]
[EventType "team-tourn"]
[EventCountry "FRA"]
[SourceTitle "playchess.com"]
[Source "ChessBase"]
[SourceQuality "1"]
[WhiteTeam "Croatia"]
[BlackTeam "Slovakia"]
[WhiteTeamCountry "CRO"]
[BlackTeamCountry "SVK"]
[TimeControl "40/5400+30:1800+30"]

1. d4 d5 2. c4 c6 3. cxd5 cxd5 4. Nc3 Nf6 5. Bf4 Nc6 6. e3 Bf5 7. Qb3 Na5 8. Qa4+ {[%emt 0:00:09] D10: Slav Defence: 3 cxd5 (without early Nf3) and 3 Nc3.} Bd7 9. Qc2 e6 10. Bd3 Be7 11. h3 Rc8 12. Nf3 Nc4 13. O-O {[%emt 0:15:49] [#] Black got outplayed after the opening.  Weighted Error Value: White=0.00 (flawless) /Black=0.01 (flawless)} {Predecessor:} O-O $146 14. Ne5 b5 15. a3 Be8 16. Rfc1 a6 17. Qe2 {½-½ (17) Volkov,S (2592)-Balogh,C (2657) Mamaia 2015} 1/2-1/2

[Event "Mitropa Cup Women 2022"]
[Site "Corte"]
[Date "2022.05.07"]
[Round "8.1"]
[White "Exler, Veronika"]
[Black "Gaal, Zsoka"]
[Result "1/2-1/2"]
[ECO "B22"]
[WhiteElo "2121"]
[BlackElo "2323"]
[Annotator "TA"]
[PlyCount "88"]
[EventDate "2022.04.30"]
[EventType "team-tourn"]
[EventCountry "FRA"]
[SourceTitle "playchess.com"]
[Source "ChessBase"]
[SourceQuality "1"]
[WhiteTeam "Austria"]
[BlackTeam "Hungary"]
[WhiteTeamCountry "AUT"]
[BlackTeamCountry "HUN"]
[TimeControl "40/5400+30:1800+30"]

1. e4 c5 2. c3 d5 3. exd5 Qxd5 4. d4 g6 5. Nf3 Bg7 6. Be3 cxd4 7. cxd4 Nf6 8. Nc3 Qa5 9. Bc4 O-O 10. O-O Bg4 11. h3 Bxf3 12. Qxf3 Nc6 13. a3 Rad8 {[%emt 0:05:00] B22: Sicilian: 2 c3.} 14. Rad1 {[%emt 0:02:56] [#]} e6 $146 ({Predecessor:} 14... Ne8 15. Rfe1 Nd6 16. Bd5 Qc7 17. Bxc6 bxc6 18. Bg5 Rfe8 19. d5 c5 20. Qe2 Qb7 21. Na4 {0-1 (38) Panella Navarro,S (1949)-Pruja Ramirez de Cartagena,M (2214) Granada 2009}) 15. Bb5 Nd5 16. Bxc6 bxc6 17. Rd3 (17. Bg5 $11) 17... Nxe3 $15 18. fxe3 c5 19. Rfd1 cxd4 20. exd4 Rd6 21. Ne4 Rd5 22. Nc3 Rf5 (22... Rd7 $17) 23. Qb7 $11 Rf4 24. Ne2 Rf5 (24... Rh4 $11) 25. Nc3 $1 $15 Rd8 ({Black should try} 25... h5 $15) 26. b4 Qb6 ({Don't take} 26... Qxa3 27. g4 Bxd4+ 28. Kh1 $16 (28. Rxd4 Rxd4 29. Qb8+ Kg7 $11)) 27. Qxb6 axb6 28. g4 Rg5 29. Kf2 h5 30. Kf3 hxg4+ 31. hxg4 {[%emt 0:00:02] The position is equal.} f5 32. gxf5 Rxf5+ 33. Kg4 Rdf8 34. Ne2 Bh6 35. Ng3 Rf2 36. d5 R8f4+ 37. Kh3 Bg5 {[%emt 0:00:54][%csl Gg5][%cal Rf4h4] [#]} 38. Nh1 Rh4+ 39. Kg3 Rfh2 40. Nf2 Bf4+ 41. Kf3 Be5 {[%emt 0:20:48] [#] Hoping for ...Rf4+.} 42. dxe6 {[%emt 0:24:51] Rd8+ is the strong threat.} Rf4+ 43. Ke3 {[%emt 0:00:04] Black must now prevent Rd8+.} Kf8 (43... Rfxf2 $2 44. Rd8+ Kg7 45. e7 (45. R1d7+ Kh6 $11) 45... Re2+ 46. Kd3 $16) (43... Rhxf2 $5 44. Rd8+ Kg7 $11) 44. Rd5 Bc7 {[%emt 0:01:01] Weighted Error Value: White=0.08 (flawless) /Black=0.11 (very precise)} (44... Ke7 $11) 1/2-1/2

[Event "Mitropa Cup Women 2022"]
[Site "Corte"]
[Date "2022.05.07"]
[Round "8.2"]
[White "Terbe, Zsuzsanna"]
[Black "Trippold, Denise"]
[Result "1-0"]
[ECO "E46"]
[WhiteElo "2183"]
[BlackElo "2147"]
[Annotator "TA"]
[PlyCount "89"]
[EventDate "2022.04.30"]
[EventType "team-tourn"]
[EventCountry "FRA"]
[SourceTitle "playchess.com"]
[Source "ChessBase"]
[SourceQuality "1"]
[WhiteTeam "Hungary"]
[BlackTeam "Austria"]
[WhiteTeamCountry "HUN"]
[BlackTeamCountry "AUT"]
[TimeControl "40/5400+30:1800+30"]

1. d4 e6 2. c4 Nf6 3. Nc3 Bb4 4. e3 O-O 5. Bd2 c5 6. a3 {[%emt 0:00:27] E46: Nimzo-Indian: Rubinstein: 4 e3 0-0 5 Ne2 without early Bd3.} Bxc3 7. Bxc3 Ne4 8. Ne2 {[%emt 0:01:37] The position is equal.} b6 9. d5 Ba6 (9... Qh4 10. g3 Qh5 11. Bg2 exd5 12. Qc2 $14 (12. cxd5 f5 $14) (12. Qxd5 Qxd5 13. cxd5 f5 $14)) 10. Qd3 {[%emt 0:00:43] [#]} f5 $146 (10... exd5 {feels hotter.} 11. Qxd5 Qe7 12. Rc1 Nc6) ({Predecessor:} 10... exd5 11. Qxd5 Qe7 12. g3 Nc6 13. Bg2 Rae8 14. O-O Nxc3 15. Nxc3 Na5 16. Nb5 Bb7 {1-0 (39) Bluebaum,M (2660)-Swiercz,D (2649) chess24.com INT 2020}) 11. f3 Nxc3 12. Nxc3 e5 13. O-O-O d6 14. g4 e4 15. fxe4 fxe4 (15... fxg4 $14 16. e5 Nd7) 16. Qxe4 $16 (16. Nxe4 Nd7 $11) 16... Re8 17. Qf5 (17. Qc2 $1 $16) 17... Re5 (17... Nd7 $1 $11) 18. Qf4 {[%emt 0:00:37][%cal Og4g5] 0x0.001ddff32f0fdp-1022s more active pieces. The black rooks are badly placed.} Qe7 {[%emt 0:01:14] Prevents g5.} 19. Bd3 Nd7 {[%emt 0:00:52] [#]} 20. Rde1 (20. Kd2 $1 $16) 20... Rf8 $11 21. Qg3 $36 {[%emt 0:00:22][%mdl 2048] White wants to play h4. White has good play.} Re8 (21... h5 $1 $11 {keeps the balance.}) 22. Kd2 $16 (22. Qh3 $6 Nf6 $11) 22... Bb7 23. Qh3 (23. Rhf1 $142) 23... g6 (23... Nf6 $142) 24. Qg3 a6 25. a4 {[%emt 0:00:35] Prevents b5.} Nf6 (25... Rb8 $16) 26. Rhf1 $18 Bc8 27. h3 Bd7 28. Rf3 {[%emt 0:01:15] aiming for Ref1.} b5 {[%emt 0:03:13] [#]} 29. axb5 (29. b3 $1 $16) 29... axb5 $14 30. b3 bxc4 (30... b4 $16 31. Nd1 Rf8) 31. bxc4 $18 {[%emt 0:00:44] Ref1 is the strong threat.} Bc8 (31... Rf8 $142 32. Ref1 Kg7) 32. Ref1 Rf8 33. Qf2 Kg7 34. g5 $2 ({Not} 34. Qh4 Rxe3 35. g5 (35. Rxe3 Ne4+ 36. Nxe4 Qxh4 $17) 35... Rxf3 36. Rxf3 Nh5 37. Rxf8 Kxf8 $11) ({Better is} 34. Rg1 $18) 34... Nd7 $2 {[%emt 0:00:08][%mdl 8192] Black cannot hold the game after this.} (34... Rxg5 $11 35. Qh2 Rh5) 35. Rxf8 {[%emt 0:00:11] Really sharp!} Nxf8 36. h4 Nd7 (36... Bf5 $142 37. e4 (37. Bxf5 Rxf5 38. Qg2 Rxf1 $16) 37... Bd7) 37. Nb5 {[%emt 0:00:45] White is clearly winning.} Nb6 38. Qf6+ Qxf6 39. Rxf6 Re7 40. Rxd6 Nd7 41. Rc6 Bb7 42. Rc7 Ba6 43. Nd6 Kf8 44. Ra7 Nb8 45. Ra8 {[%emt 0:00:11] Weighted Error Value: White=0.25 (precise) /Black=0.47} 1-0

[Event "Mitropa Cup Women 2022"]
[Site "Corte"]
[Date "2022.05.07"]
[Round "8.2"]
[White "Nemcova, Karin"]
[Black "Navrotescu, Andreea"]
[Result "0-1"]
[ECO "C11"]
[WhiteElo "2181"]
[BlackElo "2318"]
[Annotator "TA"]
[PlyCount "70"]
[EventDate "2022.04.30"]
[EventType "team-tourn"]
[EventCountry "FRA"]
[SourceTitle "playchess.com"]
[Source "ChessBase"]
[SourceQuality "1"]
[WhiteTeam "Czech Republic"]
[BlackTeam "France"]
[WhiteTeamCountry "CZE"]
[BlackTeamCountry "FRA"]
[TimeControl "40/5400+30:1800+30"]

1. e4 e6 2. d4 d5 3. Nc3 Nf6 4. Bg5 dxe4 5. Nxe4 Be7 6. Bxf6 gxf6 7. Nf3 f5 8. Ned2 c5 {[%emt 0:01:09][%cal Bc7c5,Bc5d4][%mdl 32] C13: French: Classical System: 4 Bg5 Be7, Alekhine-Chatard Attack.} 9. Nc4 Nc6 {[%emt 0:01:54] [#]} 10. Nce5 $146 (10. dxc5 $11 O-O 11. Qxd8 Rxd8 12. Nd6) ({Predecessor:} 10. dxc5 Bxc5 11. Qxd8+ Kxd8 12. c3 Bd7 13. Be2 Ke7 14. O-O Rhc8 15. Rfe1 b5 16. Nce5 Nxe5 17. Nxe5 {½-½ (101) Kokkila,T (2283)-Kjartansson,G (2443) Terme Catez 2021}) 10... Nxd4 {[%emt 0:06:12] Strongly threatening ...Bf6. Black is better.} 11. Nxd4 (11. c3 $15 Nxf3+ 12. Qxf3) 11... Qxd4 12. Bb5+ Kf8 13. Qxd4 cxd4 14. O-O-O a6 15. Be2 f6 16. Nc4 {[%emt 0:00:19] [#]} Bc5 $1 17. b4 {[%emt 0:06:20] [#]} Bxb4 ({Better is} 17... Ba7 $1 $17 18. f4 Ke7) 18. Rxd4 Ke7 19. Bf3 (19. Rd3 $17 {is a better defense.}) 19... e5 $19 20. Rh4 Bc5 {[%emt 0:04:49] Against Nb6} 21. Ne3 e4 22. Be2 Be6 {[%emt 0:00:30] Inhibits Nd5+.} 23. Kb2 (23. Rf4 $17) 23... Rac8 {[%emt 0:02:07] White must now prevent ...Bd4+.} 24. Rd1 {[%emt 0:02:13] Against Bd4+} Bd6 25. c4 Be5+ 26. Kb3 (26. Kc1 $17) 26... b5 27. Rh5 $2 (27. Kc2) 27... bxc4+ 28. Bxc4 $2 {[%emt 0:04:57] [#]} (28. Kc2 Rb8 29. Rb1) 28... Rxc4 $1 {[%emt 0:00:17][%mdl 512] Black is clearly winning.} 29. Nxc4 Rb8+ {[%emt 0:00:14][%mdl 64] Deflection} 30. Ka4 Bxc4 {[%emt 0:00:11] This bishop pair is nice.} 31. Rxh7+ Ke6 {[%emt 0:00:08] Threatens to win with ...Bb5+.} 32. Rc1 Bb5+ 33. Ka5 Bf4 {[%emt 0:03:03] ( -> ...Bd2+)} 34. Rc2 {[%emt 0:00:08] Prevents Bd2+.} Bd3 35. Rc6+ Ke5 {Weighted Error Value: White=0.72/Black=0.09 (flawless)} 0-1

[Event "Mitropa Cup Women 2022"]
[Site "Corte"]
[Date "2022.05.07"]
[Round "8.2"]
[White "Nadzamova, Viktoria"]
[Black "Medic, Mirjana"]
[Result "1-0"]
[ECO "C02"]
[WhiteElo "2135"]
[BlackElo "2167"]
[Annotator "TA"]
[PlyCount "85"]
[EventDate "2022.04.30"]
[EventType "team-tourn"]
[EventCountry "FRA"]
[SourceTitle "playchess.com"]
[Source "ChessBase"]
[SourceQuality "1"]
[WhiteTeam "Slovakia"]
[BlackTeam "Croatia"]
[WhiteTeamCountry "SVK"]
[BlackTeamCountry "CRO"]
[TimeControl "40/5400+30:1800+30"]

1. e4 e6 2. d4 d5 3. e5 c5 4. c3 Nc6 5. Nf3 Qb6 6. Bd3 Bd7 7. O-O $1 {[%emt 0:00:28] The main line 7.0-0 scores better than 7.dxc5.} ({Better is} 7. dxc5 $11 Bxc5 8. O-O) 7... h6 {[%emt 0:13:27] C02: French: Advance Variation.} (7... cxd4 $15 {keeps the upper hand.} 8. Nbd2 dxc3 9. bxc3 Nge7) 8. dxc5 $1 $16 Bxc5 9. b4 Be7 {[%emt 0:00:50] White is better.} 10. Re1 {[%emt 0:03:47] [#]} a5 $146 ({Predecessor:} 10... g5 11. h3 Qc7 12. a4 O-O-O 13. Na3 f6 14. exf6 Nxf6 15. b5 Na5 16. Ne5 Rhg8 {1-0 (52) Barczi,T (2066)-Kubica,V (1946) Slovakia 2019}) 11. b5 {[%emt 0:16:18] aiming for Be3.} Na7 (11... Nd8 $16 12. a4 Bc5) 12. a4 $18 Bc5 (12... Qc7 {might work better.} 13. Bb2 Nc8) 13. Qe2 Ne7 14. Nbd2 Qd8 15. Nd4 O-O 16. N2b3 Bxd4 17. Nxd4 f5 (17... Nf5 {keeps fighting.} 18. Bxf5 exf5) 18. Qh5 (18. exf6 $142 Rxf6 19. c4) 18... Qe8 (18... Qc7 $142) 19. Qh4 Qf7 (19... Nac8 $142 20. Ba3 Rf7) 20. f4 Ng6 21. Qf2 Nc8 22. Ba3 Nce7 23. Ra2 Rfc8 24. Rc2 b6 25. g4 (25. Bd6 $142) 25... fxg4 26. f5 {[%emt 0:00:05] White is much more active.} Nf8 {[%emt 0:00:28][%mdl 8192] A mistake that costs the game.} (26... Nxf5 $16 27. Bxf5 exf5) 27. f6 (27. fxe6 $142 Bxe6 28. Qxf7+ Kxf7 29. Rf1+ Ke8 30. Rxf8+ $1 Kxf8 31. Nxe6+ Kf7 32. Nd4) 27... Neg6 28. Qg3 gxf6 29. Qxg4 f5 30. Qg3 {[%emt 0:01:14][%mdl 1024] Hoping for Kh1. White has strong compensation.} Kh7 $2 (30... Kh8 31. Qe3 Nh7) 31. Kh1 $1 Ra7 32. h4 Rac7 33. h5 Ne7 (33... Rxc3 34. Rxc3 (34. hxg6+ Qxg6 35. Qh4 Qg7 $16) 34... Rxc3) 34. Rg1 $2 (34. Bxe7 Rxc3 35. Rxc3 Rxc3 36. Bxf8) 34... Be8 $2 (34... Rxc3 35. Rxc3 Rxc3 36. Bxe7 Rxd3 $1 37. Qxd3 Qxe7) 35. Rcg2 {[%emt 0:02:10] Black must now prevent Bxe7.} Neg6 36. hxg6+ Nxg6 37. Ne2 Qg8 38. Nf4 Rxc3 39. Bb2 Rb3 40. Ba1 {[%emt 0:01:58] Threatens to win with Nh5.} Qf7 41. Nxg6 Qxg6 {[%emt 0:00:13] [#]} 42. Qh3 ({Weaker is} 42. Qxg6+ Bxg6 43. Rc2 (43. Rxg6 Rxd3 44. Rg7+ Kh8 $14) 43... Rxc2 44. Bxc2 Rb4 $14) (42. Qh4 $142 $1 Rc7 43. Rxg6 Bxg6 {[#]} 44. Qf6 $1 Rg7 45. Bxf5 $1 Rh3+ 46. Bxh3 Be4+ 47. Kh2) 42... Qf7 {[%emt 0:00:55] [#]} 43. Bxf5+ $1 {[%emt 0:00:34][%mdl 512] Weighted Error Value: White=0.51/Black=1.02} 1-0